| TOP OF THE 1ST |
|
Oklahoma City Dodgers batting - Pitching for El Paso Chihuahuas : RHP Hector Bojorquez
|
|
Pitching: RHP Hector Bojorquez
|
|
|
Batting: LHB Alex Ramos
|
0-0: Called Strike 0-1: SOLO HOME RUN (Flyball, 9D, EV 96.9 MPH), Distance : 371 ft
|
|
Batting: RHB Justin Anastasio
|
0-0: Ball 1-0: Fly out, F8 (Flyball, 8LXD, EV 83.8 MPH)
|
|
Batting: LHB James Betron
|
0-0: Fly out, F3 (Line Drive, 3, EV 70.0 MPH)
|
|
Batting: RHB John Manocchio
|
0-0: Called Strike 0-1: Swinging Strike 0-2: Strikes out looking
|
| Top of the 1st over - 1 run, 1 hit, 0 errors, 0 left on base; Oklahoma City 1 - El Paso 0 |
| BOTTOM OF THE 1ST |
|
El Paso Chihuahuas batting - Pitching for Oklahoma City Dodgers : RHP Josh Thorne
|
|
Pitching: RHP Josh Thorne
|
|
|
Batting: RHB Itsuo Yoshioka
|
0-0: Called Strike 0-1: Ball 1-1: Ball 2-1: Ball 3-1: Foul Ball, location: 2F 3-2: SINGLE (Groundball, 56D, EV 105.0 MPH)
|
|
Batting: RHB Rudolf Gommers
|
0-0: Swinging Strike 0-1: Foul Ball, location: 2F 0-2: Foul Ball, location: 2F 0-2: Ball 1-2: Fielders Choice at 2nd, 5-4 (Groundball, 56, EV 84.4 MPH)
|
|
Batting: RHB Jose Morrissey
|
0-0: Ball 1-0: Grounds into double play, 6-4-3 (Groundball, 56, EV 101.3 MPH)
|
| Bottom of the 1st over - 0 runs, 1 hit, 0 errors, 0 left on base; Oklahoma City 1 - El Paso 0 |
| TOP OF THE 2ND |
|
Oklahoma City Dodgers batting - Pitching for El Paso Chihuahuas : RHP Hector Bojorquez
|
|
Batting: RHB John Hazen
|
0-0: Ball 1-0: Ball 2-0: Foul Ball, location: 2F 2-1: Called Strike 2-2: Foul Ball, location: 2F 2-2: Strikes out swinging
|
|
Batting: RHB Armando Galindo
|
0-0: Ball 1-0: Ball 2-0: Called Strike 2-1: Ball 3-1: SINGLE (Groundball, 4MD, EV 97.5 MPH)
|
|
Batting: RHB Tim Adams
|
0-0: Ball 1-0: Called Strike 1-1: Ball Passed Ball! Armando Galindo to second 2-1: Swinging Strike 2-2: Strikes out swinging
|
|
Batting: RHB Terry Jarrells
|
0-0: SINGLE (Line Drive, 9S, EV 101.3 MPH) Armando Galindo to third Runner from 3rd tries for Home, SAFE, throw by RF to home
|
|
Batting: RHB Matt Robert
|
0-0: Ball 1-0: Called Strike Terry Jarrells steals 2nd base 1-1: Swinging Strike 1-2: Ball 2-2: Ground out 1-3 (Groundball, P, EV 71.3 MPH)
|
| Top of the 2nd over - 1 run, 2 hits, 0 errors, 1 left on base; Oklahoma City 2 - El Paso 0 |
| BOTTOM OF THE 2ND |
|
El Paso Chihuahuas batting - Pitching for Oklahoma City Dodgers : RHP Josh Thorne
|
|
Batting: SHB Devin Hottenstein
|
0-0: Ball 1-0: Swinging Strike 1-1: Foul Ball, location: 2F 1-2: Ball 2-2: Ball 3-2: Ground out 6-3 (Groundball, 6M, EV 89.4 MPH)
|
|
Batting: RHB Matthew Starr
|
0-0: Ball 1-0: Ball 2-0: Foul Ball, location: 2F 2-1: Called Strike 2-2: Ball 3-2: Base on Balls
|
|
Batting: SHB Steve Killion
|
0-0: Called Strike 0-1: Ball 1-1: Ball 2-1: Foul Ball, location: 2F 2-2: Ball 3-2: Strikes out swinging Matthew Starr is caught stealing 2nd base 2-6 Batter strikes out.
|
| Bottom of the 2nd over - 0 runs, 0 hits, 0 errors, 0 left on base; Oklahoma City 2 - El Paso 0 |
| TOP OF THE 3RD |
|
Oklahoma City Dodgers batting - Pitching for El Paso Chihuahuas : RHP Hector Bojorquez
|
|
Batting: LHB Alex Ramos
|
0-0: Called Strike 0-1: Foul Ball, location: 2F 0-2: Fly out, F8 (Flyball, 8RD, EV 78.1 MPH)
|
|
Batting: RHB Justin Anastasio
|
0-0: Called Strike 0-1: Fly out, F3 (Flyball, 3D, EV 91.9 MPH)
|
|
Batting: LHB James Betron
|
0-0: Foul Ball, location: 2F 0-1: Ball 1-1: Foul Ball, location: 2F 1-2: Ground out 4-3 (Groundball, 4, EV 98.8 MPH)
|
| Top of the 3rd over - 0 runs, 0 hits, 0 errors, 0 left on base; Oklahoma City 2 - El Paso 0 |
| BOTTOM OF THE 3RD |
|
El Paso Chihuahuas batting - Pitching for Oklahoma City Dodgers : RHP Josh Thorne
|
|
Batting: LHB Ben Antal
|
0-0: DOUBLE (Line Drive, 8LD, EV 90.0 MPH)
|
|
Batting: SHB Gregg Whitecotton
|
0-0: Ball 1-0: Foul Ball, location: 2F 1-1: Ball 2-1: Called Strike 2-2: Foul Ball, location: 2F 2-2: Ball 3-2: Foul Ball, location: 2F 3-2: Fly out, F8 (Flyball, 78D, EV 98.8 MPH)
|
|
Batting: LHB Helmut Steggall
|
0-0: Ball 1-0: Foul Ball, location: 2F 1-1: SINGLE (Groundball, 34S, EV 64.4 MPH) (infield hit) Ben Antal to third
|
|
Batting: RHB Itsuo Yoshioka
|
0-0: Ball Passed Ball! Ben Antal scores Helmut Steggall to second 1-0: Swinging Strike 1-1: Ground out 4-3 (Groundball, 4MS, EV 63.8 MPH) Helmut Steggall to third
|
|
Batting: RHB Rudolf Gommers
|
0-0: Ball 1-0: Called Strike 1-1: Foul Ball, location: 2F 1-2: Ball 2-2: Ball 3-2: Fly out, F7 (Line Drive, 7, EV 90.0 MPH)
|
| Bottom of the 3rd over - 1 run, 2 hits, 0 errors, 1 left on base; Oklahoma City 2 - El Paso 1 |
| TOP OF THE 4TH |
|
Oklahoma City Dodgers batting - Pitching for El Paso Chihuahuas : RHP Hector Bojorquez
|
|
Batting: RHB John Manocchio
|
0-0: Ground out 6-3 (Groundball, 56, EV 106.3 MPH)
|
|
Batting: RHB John Hazen
|
0-0: Called Strike 0-1: Ball 1-1: Ground out 6-3 (Groundball, 6, EV 78.8 MPH)
|
|
Batting: RHB Armando Galindo
|
0-0: Swinging Strike 0-1: Swinging Strike 0-2: Ball 1-2: Ground out 6-3 (Groundball, 6M, EV 98.1 MPH)
|
| Top of the 4th over - 0 runs, 0 hits, 0 errors, 0 left on base; Oklahoma City 2 - El Paso 1 |
| BOTTOM OF THE 4TH |
|
El Paso Chihuahuas batting - Pitching for Oklahoma City Dodgers : RHP Josh Thorne
|
|
Batting: RHB Jose Morrissey
|
0-0: Called Strike 0-1: SINGLE (Groundball, 4MD, EV 103.8 MPH)
|
|
Batting: SHB Devin Hottenstein
|
0-0: Called Strike 0-1: Ball 1-1: Ball 2-1: Foul Ball, location: 2F 2-2: Ball Wild Pitch! Jose Morrissey to second 3-2: Foul Ball, location: 2F 3-2: Base on Balls
|
|
Batting: RHB Matthew Starr
|
0-0: Foul Ball, location: 2F 0-1: Ball 1-1: Called Strike 1-2: Ball 2-2: Ball 3-2: Fly out, F7 (Flyball, 7, EV 91.9 MPH)
|
|
Batting: SHB Steve Killion
|
0-0: Ball 1-0: Ball 2-0: Foul Ball, location: 2F 2-1: Foul Ball, location: 2F 2-2: SINGLE (Flyball, 8LS, EV 92.5 MPH) Jose Morrissey to third Devin Hottenstein to second
|
|
Batting: LHB Ben Antal
|
0-0: Ball 1-0: Fielders Choice at 2nd, 3-6 (Groundball, 3, EV 95.0 MPH) Jose Morrissey scores Devin Hottenstein to third
|
|
Batting: SHB Gregg Whitecotton
|
0-0: Called Strike 0-1: Ball 1-1: Ball 2-1: Called Strike 2-2: Strikes out swinging
|
| Bottom of the 4th over - 1 run, 2 hits, 0 errors, 2 left on base; Oklahoma City 2 - El Paso 2 |
| TOP OF THE 5TH |
|
Oklahoma City Dodgers batting - Pitching for El Paso Chihuahuas : RHP Hector Bojorquez
|
|
Batting: RHB Tim Adams
|
0-0: Swinging Strike 0-1: Ground out 6-3 (Groundball, 6, EV 79.4 MPH)
|
|
Batting: RHB Terry Jarrells
|
0-0: Ball 1-0: Ball 2-0: Ball 3-0: Base on Balls
|
|
Batting: RHB Matt Robert
|
0-0: Ball 1-0: Grounds into double play, 6-4-3 (Groundball, 6M, EV 100.0 MPH)
|
| Top of the 5th over - 0 runs, 0 hits, 0 errors, 0 left on base; Oklahoma City 2 - El Paso 2 |
| BOTTOM OF THE 5TH |
|
El Paso Chihuahuas batting - Pitching for Oklahoma City Dodgers : RHP Josh Thorne
|
|
Batting: LHB Helmut Steggall
|
0-0: Fly out, F8 (Line Drive, 8RD, EV 98.8 MPH)
|
|
Batting: RHB Itsuo Yoshioka
|
0-0: Called Strike 0-1: SOLO HOME RUN (Flyball, 7LD, EV 96.3 MPH), Distance : 360 ft
|
|
Batting: RHB Rudolf Gommers
|
0-0: Ball 1-0: Ball 2-0: Foul Ball, location: 2F 2-1: Foul Ball, location: 2F 2-2: Strikes out looking
|
|
Batting: RHB Jose Morrissey
|
0-0: Called Strike 0-1: Ball 1-1: Ball 2-1: Ground out 4-3 (Groundball, 4, EV 79.4 MPH)
|
| Bottom of the 5th over - 1 run, 1 hit, 0 errors, 0 left on base; Oklahoma City 2 - El Paso 3 |
| TOP OF THE 6TH |
|
Oklahoma City Dodgers batting - Pitching for El Paso Chihuahuas : RHP Hector Bojorquez
|
|
Batting: LHB Alex Ramos
|
0-0: Ball 1-0: Ball 2-0: Called Strike 2-1: Called Strike 2-2: Fly out, F8 (Line Drive, 8RM, EV 86.3 MPH)
|
|
Batting: RHB Justin Anastasio
|
0-0: SINGLE (Groundball, 4D, EV 96.9 MPH)
|
|
Batting: LHB James Betron
|
0-0: Ball 1-0: Called Strike 1-1: Ball 2-1: Called Strike 2-2: Foul Ball, location: 2F 2-2: Foul Ball, location: 2F 2-2: Strikes out swinging
|
|
Batting: RHB John Manocchio
|
0-0: Called Strike 0-1: Fielders Choice at 2nd, 6-4 (Groundball, 6, EV 86.9 MPH)
|
| Top of the 6th over - 0 runs, 1 hit, 0 errors, 1 left on base; Oklahoma City 2 - El Paso 3 |
| BOTTOM OF THE 6TH |
|
El Paso Chihuahuas batting - Pitching for Oklahoma City Dodgers : RHP Josh Thorne
|
|
Pitching: LHP Billy Nash
|
|
|
Batting: SHB Devin Hottenstein
|
0-0: Ball 1-0: Swinging Strike 1-1: Foul Ball, location: 2F 1-2: Strikes out swinging
|
|
Batting: RHB Matthew Starr
|
0-0: Ball 1-0: Swinging Strike 1-1: Ball 2-1: Foul Ball, location: 2F 2-2: Strikes out looking
|
|
Batting: SHB Steve Killion
|
0-0: Called Strike 0-1: Foul Ball, location: 2F 0-2: Foul Ball, location: 2F 0-2: Foul Ball, location: 2F 0-2: Strikes out swinging
|
| Bottom of the 6th over - 0 runs, 0 hits, 0 errors, 0 left on base; Oklahoma City 2 - El Paso 3 |
| TOP OF THE 7TH |
|
Oklahoma City Dodgers batting - Pitching for El Paso Chihuahuas : RHP Hector Bojorquez
|
|
Batting: RHB John Hazen
|
0-0: Foul Ball, location: 2F 0-1: Ball 1-1: Foul Ball, location: 2F 1-2: Foul Ball, location: 2F 1-2: Ball 2-2: Reached on error, E5 (Groundball, 56S, EV 93.1 MPH)
|
|
Batting: RHB Armando Galindo
|
0-0: Called Strike 0-1: Called Strike 0-2: Ball 1-2: Strikes out swinging
|
|
Batting: RHB Tim Adams
|
0-0: Ball 1-0: Ball 2-0: Foul Ball, location: 2F 2-1: Ball 3-1: Base on Balls
|
|
Batting: RHB Terry Jarrells
|
0-0: Ball 1-0: Ball 2-0: Ball 3-0: Base on Balls John Hazen to third Tim Adams to second
|
|
Batting: RHB Matt Robert
|
0-0: Swinging Strike 0-1: Called Strike 0-2: Strikes out swinging
|
|
Batting: LHB Alex Ramos
|
0-0: Hit by Pitch John Hazen scores Tim Adams to third Terry Jarrells to second
|
|
Batting: RHB Justin Anastasio
|
0-0: Ball 1-0: Ball 2-0: Ball 3-0: Swinging Strike 3-1: Foul Ball, location: 2F 3-2: Strikes out swinging
|
| Top of the 7th over - 1 run, 0 hits, 1 error, 3 left on base; Oklahoma City 3 - El Paso 3 |
| BOTTOM OF THE 7TH |
|
El Paso Chihuahuas batting - Pitching for Oklahoma City Dodgers : LHP Billy Nash
|
|
Batting: LHB Ben Antal
|
0-0: Swinging Strike 0-1: Swinging Strike 0-2: Ground out 6-3 (Groundball, 56, EV 85.6 MPH)
|
|
Batting: SHB Gregg Whitecotton
|
0-0: Ball 1-0: Called Strike 1-1: Ground out 6-3 (Groundball, 6, EV 99.4 MPH)
|
|
Batting: LHB Helmut Steggall
|
0-0: Called Strike 0-1: Ball 1-1: Swinging Strike 1-2: Ball 2-2: Foul Ball, location: 2F 2-2: Ball 3-2: Foul Ball, location: 2F 3-2: Ground out 5-3 (Groundball, 5, EV 86.3 MPH)
|
| Bottom of the 7th over - 0 runs, 0 hits, 0 errors, 0 left on base; Oklahoma City 3 - El Paso 3 |
| TOP OF THE 8TH |
|
Oklahoma City Dodgers batting - Pitching for El Paso Chihuahuas : RHP Hector Bojorquez
|
|
Pitching: RHP Sean Rice
|
|
|
Batting: LHB James Betron
|
0-0: Ball 1-0: Called Strike 1-1: Ground out 6-3 (Groundball, 6, EV 88.1 MPH)
|
|
Batting: RHB John Manocchio
|
0-0: Ball 1-0: Ball 2-0: Ball 3-0: Called Strike 3-1: Called Strike 3-2: Strikes out swinging
|
|
Pitching: RHP Warren Swan
|
|
|
Batting: RHB John Hazen
|
0-0: Ball 1-0: Swinging Strike 1-1: Fly out, F1 (Popup, P, EV 81.9 MPH)
|
| Top of the 8th over - 0 runs, 0 hits, 0 errors, 0 left on base; Oklahoma City 3 - El Paso 3 |
| BOTTOM OF THE 8TH |
|
El Paso Chihuahuas batting - Pitching for Oklahoma City Dodgers : LHP Billy Nash
|
|
Pitching: RHP Jake Milligan
|
|
|
Batting: RHB Itsuo Yoshioka
|
0-0: Called Strike 0-1: Ball 1-1: Swinging Strike 1-2: Strikes out swinging
|
|
Batting: RHB Rudolf Gommers
|
0-0: Called Strike 0-1: Ball 1-1: Ball 2-1: Ball 3-1: Base on Balls
|
|
Batting: RHB Jose Morrissey
|
0-0: Ball Rudolf Gommers steals 2nd base 1-0: Ball 2-0: Foul Ball, location: 2F 2-1: SINGLE (Flyball, 8LS, EV 91.9 MPH) Rudolf Gommers to third
|
|
Batting: SHB Devin Hottenstein
|
0-0: Ball 1-0: Ball 2-0: Ball 3-0: Base on Balls Jose Morrissey to second
|
|
Batting: RHB Matthew Starr
|
0-0: Called Strike 0-1: Ball 1-1: Fly out, F9 (Flyball, 9, EV 86.3 MPH)
|
|
Batting: SHB Steve Killion
|
0-0: Ball 1-0: Ball 2-0: Ball 3-0: Called Strike 3-1: Foul Ball, location: 2F 3-2: Foul Ball, location: 2F 3-2: Ground out 3-1 (Groundball, 34S, EV 90.6 MPH)
|
| Bottom of the 8th over - 0 runs, 1 hit, 0 errors, 3 left on base; Oklahoma City 3 - El Paso 3 |
| TOP OF THE 9TH |
|
Oklahoma City Dodgers batting - Pitching for El Paso Chihuahuas : RHP Warren Swan
|
|
Pitching: RHP Tony Delgado
|
|
|
Batting: RHB Armando Galindo
|
0-0: Ball 1-0: Ball 2-0: Ground out 5-3 (Groundball, 56S, EV 85.0 MPH)
|
|
Batting: RHB Tim Adams
|
0-0: Ball 1-0: Called Strike 1-1: Ball 2-1: Ground out 6-3 (Groundball, 56, EV 83.1 MPH)
|
|
Batting: RHB Terry Jarrells
|
0-0: Swinging Strike 0-1: Foul Ball, location: 2F 0-2: Ball 1-2: Ground out 6-3 (Groundball, 6, EV 87.5 MPH)
|
| Top of the 9th over - 0 runs, 0 hits, 0 errors, 0 left on base; Oklahoma City 3 - El Paso 3 |
| BOTTOM OF THE 9TH |
|
El Paso Chihuahuas batting - Pitching for Oklahoma City Dodgers : RHP Jake Milligan
|
|
Pitching: RHP Alex Aguilar
|
|
|
Batting: LHB Ben Antal
|
0-0: Ball 1-0: Called Strike 1-1: Called Strike 1-2: Ball 2-2: Ball 3-2: Base on Balls
|
|
Batting: SHB Gregg Whitecotton
|
0-0: Bunted foul 0-1: Bunt missed! 0-2: Foul Ball, location: 2F 0-2: Foul Ball, location: 2F 0-2: Ball 1-2: Ground out U3 (Groundball, 34, EV 100.0 MPH) Ben Antal to second
|
|
Batting: LHB Helmut Steggall
|
0-0: Swinging Strike 0-1: Foul Ball, location: 2F 0-2: Ball 1-2: Foul Ball, location: 2F 1-2: Ball 2-2: Ball 3-2: Foul Ball, location: 2F 3-2: SINGLE (Groundball, 4MD, EV 94.4 MPH) Ben Antal to third
|
|
Batting: RHB Itsuo Yoshioka
|
0-0: Ball 1-0: Foul Ball, location: 2F 1-1: Swinging Strike 1-2: Ball 2-2: Ball 3-2: Fly out, F8 (Line Drive, 8RM, EV 93.8 MPH)
|
|
Pitching: LHP Joel Beery
|
|
|
Batting: RHB Rudolf Gommers
|
0-0: Called Strike 0-1: Ball 1-1: Ball 2-1: Fielders Choice at 2nd, 5-4 (Groundball, 56, EV 78.1 MPH)
|
| Bottom of the 9th over - 0 runs, 1 hit, 0 errors, 2 left on base; Oklahoma City 3 - El Paso 3 |
| TOP OF THE 10TH |
|
Oklahoma City Dodgers batting - Pitching for El Paso Chihuahuas : RHP Tony Delgado
|
|
Batting: RHB Matt Robert
|
0-0: Ball 1-0: Ball 2-0: Called Strike 2-1: Ball 3-1: Called Strike 3-2: Strikes out swinging
|
|
Batting: LHB Alex Ramos
|
0-0: Ball 1-0: Ball 2-0: Called Strike 2-1: Swinging Strike 2-2: Fly out, F9 (Flyball, 89D, EV 90.0 MPH)
|
|
Batting: RHB Justin Anastasio
|
0-0: Called Strike 0-1: SINGLE (Groundball, 4MS, EV 71.9 MPH) (infield hit)
|
|
Batting: LHB James Betron
|
0-0: Ball Justin Anastasio steals 2nd base (no throw) 1-0: Ball 2-0: Hit by Pitch
|
|
Batting: RHB John Manocchio
|
0-0: Called Strike 0-1: Fielders Choice at 2nd, 6-4 (Groundball, 6, EV 85.0 MPH)
|
| Top of the 10th over - 0 runs, 1 hit, 0 errors, 2 left on base; Oklahoma City 3 - El Paso 3 |
| BOTTOM OF THE 10TH |
|
El Paso Chihuahuas batting - Pitching for Oklahoma City Dodgers : LHP Joel Beery
|
|
Batting: RHB Jose Morrissey
|
0-0: Foul Ball, location: 2F 0-1: Ball 1-1: Foul Ball, location: 2F 1-2: Foul Ball, location: 2F 1-2: SINGLE (Groundball, 34D, EV 98.8 MPH)
|
|
Batting: SHB Devin Hottenstein
|
0-0: Ball 1-0: Swinging Strike 1-1: Swinging Strike 1-2: Ball 2-2: Ball 3-2: Foul Ball, location: 2F 3-2: Strikes out swinging Jose Morrissey steals 2nd base Batter strikes out.
|
|
Batting: RHB Matthew Starr
|
0-0: Intentional Walk
|
|
Batting: SHB Steve Killion
|
0-0: Ground out 6-3 (Groundball, 56, EV 106.3 MPH) Jose Morrissey to third Matthew Starr to second
|
|
Pinch Hitting: RHB Oscar Fausto
|
0-0: Intentional Walk
|
|
Batting: SHB Gregg Whitecotton
|
0-0: Called Strike 0-1: Ball 1-1: Ball 2-1: Ball 3-1: Base on Balls Jose Morrissey scores Matthew Starr to third Oscar Fausto to second
|
| Bottom of the 10th over - 1 run, 1 hit, 0 errors, 0 left on base; Oklahoma City 3 - El Paso 4 |
| |
|
Game Over ... El Paso defeats Oklahoma City, 4 to 3
|
|
|